[Event "Team 45 45 League T52"]
[Site "Internet Chess Club"]
[Date "2012.03.24"]
[Round "6"]
[White "LazyPeon"]
[Black "BTop"]
[Result "0-1"]
[WhiteElo "1749"]
[BlackElo "1652"]
[Opening "King's Indian: orthodox, Aronin-Taimanov, 9.Ne1"]
[ECO "E98"]
[Time "09:00:40"]
[TimeControl "2700+45"]

1. d4 Nf6 2. c4 g6 3. Nc3 Bg7 4. e4 d6 5. Be2 O-O 6. Nf3 e5 7. O-O Nc6 8. d5 Ne7
9. Ne1 Nd7 10. Be3 f5 11. f3 f4 12. Bf2 g5 13. b4 Nf6 14. c5 Ng6 15. cxd6 cxd6
16. Rc1 Rf7 17. Nb5 h5 18. Nxa7 Bd7 19. a4 g4 20. a5 g3 21. Bb6 gxh2+ 22. Kxh2
Ng4+ 23. fxg4 Qh4+ 24. Kg1 hxg4 25. Bxg4 Bxg4 26. Nf3 Qh5 27. Qe1 Bf6 28. Rf2
Nh4 29. Nh2 Rh7 30. Nxg4 Nf3+ 31. Rxf3 Qh1+ 32. Kf2 Bh4+ 33. g3 Bxg3+ 34. Rxg3
fxg3+ 35. Ke3 Qh4 36. Qe2 Rg7 37. Nxe5 Qg5+ 38. Kd3 Qxc1 39. Nf3 Qb1+ 40. Kc3
Re8 41. Nd2 Qa1+ 42. Kb3 g2 43. Nf3 Qb1+ 44. Qb2 Qxe4 45. Nd2 Qxd5+ 46. Ka3 Re2
47. Qb3 Rxd2 48. Qxd5+ Rxd5 49. Nc8 g1=Q 50. Bxg1 Rxg1 51. Ne7+ Kf7 52. Nxd5 Ke6
53. Nf4+ Ke5 54. Nd3+ Kd4 55. Nf4 Rf1 56. Ne2+ Kc4 {White resigns} 0-1

[Event "Team 45 45 League T52"]
[Site "Internet Chess Club"]
[Date "2012.03.26"]
[Round "6"]
[White "Insan996"]
[Black "ticopatzer"]
[Result "1-0"]
[WhiteElo "1585"]
[BlackElo "1652"]
[Opening "Queen's pawn game"]
[ECO "D02"]
[Time "20:09:14"]
[TimeControl "2700+45"]

1. d4 d5 2. Nf3 e6 3. e3 c5 4. Bd3 cxd4 5. exd4 Nc6 6. O-O Nf6 7. a3 Bd6 8. Re1
O-O 9. Ne5 Nxd4 10. Bxh7+ Nxh7 11. Qxd4 Qc7 12. Nc3 a6 13. Bd2 Nf6 14. Rac1 Nd7
15. Nf3 b5 16. Qh4 Nf6 17. Ng5 Bb7 18. Re3 g6 19. Qh6 Bxh2+ 20. Kh1 Rfd8 21. Rh3
Nh5 22. Rxh2 d4 23. Ne2 Qe5 24. Qh7+ Kf8 25. Qxf7# {Black checkmated} 1-0

[Event "Team 45 45 League T52"]
[Site "Internet Chess Club"]
[Date "2012.03.25"]
[Round "6"]
[White "realchess"]
[Black "fireball"]
[Result "0-1"]
[WhiteElo "1805"]
[BlackElo "1687"]
[Opening "French: Tarrasch, open variation"]
[ECO "C07"]
[Time "20:06:23"]
[TimeControl "2700+45"]

1. e4 e6 2. d4 d5 3. Nd2 c5 4. c3 Nc6 5. Bb5 Qb6 6. Bxc6+ bxc6 7. Ne2 cxd4 8.
cxd4 Ba6 9. exd5 cxd5 10. O-O Bd6 11. Nf3 Nf6 12. Qa4+ Bb5 13. Qc2 O-O 14. a3
Rac8 15. Qd2 Rc7 16. Re1 Rfc8 17. Nc3 Ba6 18. Qe3 Rc4 19. Ne5 Rxd4 20. Nxf7
Bxh2+ 21. Kxh2 Rh4+ 22. Kg1 Kxf7 23. Qe5 Rh5 24. Qf4 Rf5 25. Qg3 Nh5 26. Qh4 Rc4
27. g4 Rxg4+ 28. Qxg4 Qxf2+ 29. Kh1 Ng3+ 30. Qxg3 Qxg3 31. Be3 Rh5# {White
checkmated} 0-1

[Event "Team 45 45 League T52"]
[Site "Internet Chess Club"]
[Date "2012.03.25"]
[Round "6"]
[White "jhbchess"]
[Black "Vin07"]
[Result "1-0"]
[WhiteElo "1587"]
[BlackElo "1432"]
[Opening "Caro-Kann: advance variation"]
[ECO "B12"]
[Time "15:00:27"]
[TimeControl "2700+45"]

1. e4 c6 2. d4 d5 3. e5 Na6 4. h4 Nc7 5. Nd2 Nh6 6. Nb3 g6 7. Bd2 Nf5 8. h5 Ne6
9. hxg6 fxg6 10. Bd3 Nexd4 11. Nxd4 Nxd4 12. Bxg6+ Kd7 13. Qg4+ Kc7 14. Qxd4 Bg7
15. Bd3 {Black resigns} 1-0

[Event "Team 45 45 League T52"]
[Site "Internet Chess Club"]
[Date "2012.03.25"]
[Round "6"]
[White "Grenadier"]
[Black "pauliewoll"]
[Result "1-0"]
[WhiteElo "1814"]
[BlackElo "1625"]
[Opening "Sicilian: closed"]
[ECO "B23"]
[Time "11:00:46"]
[TimeControl "2700+45"]

1. e4 c5 2. Nc3 d6 3. f4 Nc6 4. Nf3 g6 5. Bc4 Bg7 6. O-O e6 7. d3 a6 8. Qe1 Nge7
9. f5 b5 10. Bb3 b4 11. Ne2 gxf5 12. exf5 Nxf5 13. Nf4 Qe7 14. Qe4 Bd7 15. Nh5
h6 16. g4 d5 17. Qf4 Bd4+ 18. Nxd4 Nfxd4 19. Qc7 f5 20. Bf4 Ne2+ 21. Kh1 Nxf4
22. Nxf4 Rc8 23. Qb6 Rg8 24. Rae1 Rxg4 25. Nxd5 Qg7 26. Nc7+ Kf7 27. Nxe6 Qf6
28. Nxc5+ {Black resigns} 1-0

[Event "Team 45 45 League T52"]
[Site "Internet Chess Club"]
[Date "2012.03.29"]
[Round "6"]
[White "nosir"]
[Black "zepled37"]
[Result "1/2-1/2"]
[WhiteElo "1491"]
[BlackElo "1609"]
[Opening "Sicilian defense"]
[ECO "B20"]
[Time "19:34:33"]
[TimeControl "2700+45"]

1. e4 c5 2. d3 Nc6 3. Nf3 e6 4. g3 Nge7 5. Bg2 d5 6. exd5 exd5 7. c3 Bg4 8. O-O
Ng6 9. Re1+ Be7 10. Qa4 Qd7 11. d4 O-O 12. Nbd2 a6 13. Nf1 Rad8 14. Ne3 Be6 15.
Bd2 Nxd4 16. Qd1 Nb5 17. Nc2 h6 18. Ne5 Nxe5 19. Rxe5 Bf6 20. Re1 b6 21. Be3 d4
22. cxd4 Nxd4 23. Nxd4 Bxd4 24. Qc1 Bxe3 25. Rxe3 Qd4 26. Bf1 Bc8 27. b3 Rfe8
28. Rd3 Qf6 29. Rxd8 Rxd8 30. Qe1 Qd4 31. Qe7 Qd7 32. Qe1 Bb7 33. Bg2 Bxg2 34.
Kxg2 Re8 35. Qf1 Qc6+ 36. Kg1 b5 37. Rd1 c4 38. bxc4 Qxc4 39. Qxc4 bxc4 40. Kf1
Kf8 41. Rc1 Rc8 42. Ke2 Ke7 43. Ke3 Ke6 44. Kd4 Rd8+ 45. Ke3 Rc8 46. Kd4 {Game
drawn by mutual agreement} 1/2-1/2

[Event "Team 45 45 League T52"]
[Site "Internet Chess Club"]
[Date "2012.03.25"]
[Round "6"]
[White "GoIrish"]
[Black "SirIvanhoe"]
[Result "0-1"]
[WhiteElo "1603"]
[BlackElo "1490"]
[Opening "Réti: King's Indian attack (Barcza system)"]
[ECO "A07"]
[Time "19:00:37"]
[TimeControl "2700+45"]

1. Nf3 d5 2. g3 Nf6 3. Bg2 c6 4. O-O Bf5 5. d3 h6 6. Nbd2 e6 7. Re1 Be7 8. e4
Bh7 9. e5 Nfd7 10. d4 O-O 11. Nf1 c5 12. c3 Nc6 13. h4 c4 14. N1h2 b5 15. h5 b4
16. Ng4 bxc3 17. bxc3 Qa5 18. Nxh6+ gxh6 19. Bxh6 Rfb8 20. Qd2 Qa3 21. Ng5 Rb2
22. Qf4 Nd8 23. Bh3 Bf8 24. Nxe6 Bxh6 25. Qxh6 Nxe6 26. Bxe6 fxe6 27. Qxe6+ Kh8
28. Qxd7 Rxa2 29. Rxa2 Qxa2 30. Qxd5 Rf8 31. Qg2 Qd2 32. f4 Qxe1+ 33. Kh2 Be4
34. Qg1 Qe2+ 35. Kh3 Qxh5# {White checkmated} 0-1

[Event "Team 45 45 League T52"]
[Site "Internet Chess Club"]
[Date "2012.03.22"]
[Round "6"]
[White "CKNIGHT3"]
[Black "BrerRabbit"]
[Result "0-1"]
[WhiteElo "1532"]
[BlackElo "1495"]
[Opening "King's Indian: Sämisch, 5...O-O"]
[ECO "E81"]
[Time "19:04:07"]
[TimeControl "2700+45"]

1. d4 Nf6 2. c4 g6 3. Nc3 Bg7 4. e4 d6 5. f3 O-O 6. Be3 c5 7. Nge2 Nc6 8. d5 Ne5
9. b3 Qa5 10. Qd2 a6 11. h3 b5 12. f4 Ned7 13. cxb5 axb5 14. a3 b4 15. e5 bxc3
16. Nxc3 dxe5 17. fxe5 Nxe5 18. Be2 Rd8 19. Ra2 Bb7 20. Bc4 Nxc4 21. bxc4 Ba6
22. Qd3 Ne8 23. Bd2 Qc7 24. O-O Nd6 25. Bf4 Qd7 26. Bxd6 exd6 27. Raf2 Bd4 28.
Kh1 Bxf2 29. Rxf2 Re8 30. Ne4 Rxe4 31. Qxe4 Re8 32. Qd3 Re1+ 33. Kh2 Qe7 34. g3
Qe4 35. Qb3 Qh1# {White checkmated} 0-1

[Event "Team 45 45 League T52"]
[Site "Internet Chess Club"]
[Date "2012.03.25"]
[Round "6"]
[White "dscvdchk"]
[Black "dpmdpm"]
[Result "1/2-1/2"]
[WhiteElo "1460"]
[BlackElo "1482"]
[Opening "King's Indian: Gligoric-Taimanov system"]
[ECO "E92"]
[Time "09:02:29"]
[TimeControl "2700+45"]

1. Nf3 Nf6 2. d4 g6 3. c4 Bg7 4. Nc3 O-O 5. e4 d6 6. Be2 e5 7. Be3 Ng4 8. Bg5 f6
9. Bc1 Nc6 10. O-O Nxd4 11. Nxd4 exd4 12. Qxd4 Ne5 13. f4 Nc6 14. Qd5+ Kh8 15.
Be3 Ne7 16. Qd2 Be6 17. Rad1 Qd7 18. b3 Bg4 19. Bxg4 Qxg4 20. Rf3 Rad8 21. Nd5
Qd7 22. Qc2 Nxd5 23. exd5 Rfe8 24. Rh3 Kg8 25. Rf3 f5 26. Bd4 Bxd4+ 27. Rxd4
Re1+ 28. Rf1 Qe7 29. Rd3 Re8 30. Rf3 Rxf1+ 31. Rxf1 Qe3+ 32. Kh1 Qe2 33. Qxe2
Rxe2 34. Ra1 Kg7 35. Kg1 Kh6 36. Kf1 Re4 37. g3 Kh5 38. h3 h6 39. Re1 Rxe1+ 40.
Kxe1 g5 41. fxg5 hxg5 42. Kf2 f4 43. gxf4 gxf4 44. Kf3 Kh4 45. Kxf4 Kxh3 46. Ke4
Kg3 47. a3 Kf2 48. Kd3 Kf3 49. b4 b6 50. a4 a5 51. bxa5 bxa5 52. Kd4 Ke2 53. c5
Kd2 54. cxd6 cxd6 55. Kc4 Ke3 56. Kb5 Kd4 57. Kxa5 Kxd5 58. Kb5 Ke6 59. a5 Kd7
60. Kb6 Kc8 61. Kc6 d5 62. Kxd5 Kb7 63. Kc5 Ka6 64. Kb4 Ka7 65. Kb5 Ka8 66. Kb6
Kb8 67. Ka6 Ka8 68. Kb6 Kb8 69. a6 Ka8 70. Kb5 Ka7 71. Ka5 Ka8 72. Kb6 Kb8 73.
Ka5 Ka7 74. Kb5 Ka8 {Game drawn by mutual agreement} 1/2-1/2

[Event "Team 45 45 League T52"]
[Site "Internet Chess Club"]
[Date "2012.03.27"]
[Round "6"]
[White "tcianciola"]
[Black "dabodhi"]
[Result "0-1"]
[WhiteElo "1204"]
[BlackElo "1198"]
[Opening "King's Indian defense, 3.Nc3"]
[ECO "E61"]
[Time "20:00:22"]
[TimeControl "2700+45"]

1. d4 Nf6 2. c4 g6 3. Nc3 Bg7 4. Bg5 d6 5. e3 O-O 6. Nf3 e5 7. Bd3 Qe8 8. dxe5
dxe5 9. Ne4 Qe7 10. O-O Nbd7 11. Qb3 b6 12. Rad1 Qe6 13. Rfe1 Bb7 14. Nxf6+ Nxf6
15. e4 Nh5 16. h3 f6 17. Bd2 c5 18. Qc3 Rad8 19. b4 Nf4 20. Bxf4 exf4 21. bxc5
bxc5 22. Qa5 Qb6 23. Qb5 Bc6 24. Qb3 Kh8 25. Bc2 Qc7 26. Qa3 Rfe8 27. Qxc5 Bf8
28. Rd6 Bxd6 {White resigns} 0-1

[Event "Team 45 45 League T52"]
[Site "Internet Chess Club"]
[Date "2012.03.24"]
[Round "6"]
[White "CoasterBrake"]
[Black "sere"]
[Result "1-0"]
[WhiteElo "1194"]
[BlackElo "1223"]
[Opening "English: four knights, kingside fianchetto"]
[ECO "A29"]
[Time "13:04:28"]
[TimeControl "2700+45"]

1. c4 Nf6 2. Nc3 e5 3. g3 Nc6 4. Nf3 Bc5 5. Bg2 O-O 6. e3 d6 7. O-O Be6 8. b3
Qd7 9. Bb2 Bh3 10. Ng5 Bxg2 11. Kxg2 Qf5 12. f4 e4 13. Qc2 Rfe8 14. Nb5 Re7 15.
Bxf6 Qxf6 16. Nxe4 Qf5 17. d3 Bxe3 18. Rae1 Nb4 19. Qe2 Bd4 20. Nxd4 Qg6 21. a3
Nc6 22. Nxc6 bxc6 23. Qf3 Rb8 24. b4 f5 25. Ng5 Rxe1 26. Rxe1 Qf6 27. Qxc6 Qb2+
28. Kh3 Qxa3 29. Re8+ Rxe8 30. Qxe8# {Black checkmated} 1-0

[Event "Team 45 45 League T52"]
[Site "Internet Chess Club"]
[Date "2012.03.23"]
[Round "6"]
[White "guyd52"]
[Black "medsurg"]
[Result "0-1"]
[WhiteElo "1318"]
[BlackElo "1389"]
[Opening "Réti opening"]
[ECO "A04"]
[Time "18:01:26"]
[TimeControl "2700+45"]

1. Nf3 c5 2. g3 e6 3. Bg2 Nc6 4. d3 g6 5. O-O Bg7 6. Nbd2 d5 7. e4 Nge7 8. c3 b6
9. Re1 Ba6 10. Qc2 Rc8 11. exd5 exd5 12. b3 O-O 13. Bb2 h6 14. d4 cxd4 15. b4
Nxb4 16. Qa4 dxc3 17. Qxb4 cxb2 18. Rad1 Nc6 19. Qa3 Na5 20. Bf1 Bxf1 21. Rxf1
Qc7 22. Nb3 Nxb3 23. axb3 a5 24. b4 Qc3 25. Qxc3 Rxc3 26. Rb1 Rxf3 27. Rxb2 Bxb2
28. bxa5 bxa5 29. Rd1 Rd8 30. Rb1 Bc3 31. Rb3 Bb4 32. Rxf3 d4 33. Rd3 Bc3 34.
Rf3 a4 35. Rf6 Ra8 36. Rf4 a3 37. Rh4 Kg7 38. Kg2 a2 39. Re4 a1=Q 40. h4 d3 41.
Re7 d2 42. h5 d1=Q 43. hxg6 Kxg6 44. Re3 Qd5+ 45. Rf3 Qh1+ 46. Kxh1 Qxf3+ 47.
Kg1 Ra1+ 48. Kh2 Qh1# {White checkmated} 0-1

[Event "Team 45 45 League T52"]
[Site "Internet Chess Club"]
[Date "2012.03.25"]
[Round "6"]
[White "tamky70"]
[Black "WilmaP"]
[Result "1-0"]
[WhiteElo "1339"]
[BlackElo "1169"]
[Opening "Caro-Kann defense"]
[ECO "B15"]
[Time "13:01:28"]
[TimeControl "2700+45"]

1. e4 c6 2. d4 d5 3. Nc3 e6 4. Nf3 Nf6 5. e5 Ne4 6. Nxe4 dxe4 7. Ng5 Bb4+ 8. c3
Be7 9. Nxe4 Qd5 10. Qf3 O-O 11. Be2 Nd7 12. Bd2 Nb6 13. b3 a5 14. Be3 f6 15. c4
Bb4+ 16. Kf1 fxe5 17. Qxf8+ Kxf8 18. cxd5 exd5 19. Nc5 exd4 20. Bxd4 Nd7 21.
Ne6+ Kf7 22. Ng5+ Kg8 23. a3 Bc5 24. Nf3 Bxd4 25. Nxd4 Ne5 26. f3 c5 27. Nb5 Bd7
28. Nc7 Rf8 29. Nxd5 Be6 30. Bc4 b5 31. Ne7+ Kh8 32. Bxe6 Re8 33. Re1 Rxe7 34.
Rxe5 b4 35. axb4 cxb4 36. Kf2 a4 37. bxa4 b3 38. Rb1 Rb7 39. Bxb3 h6 40. Re8+
Kh7 41. Bc2+ g6 42. Rxb7# {Black checkmated} 1-0

[Event "Team 45 45 League T52"]
[Site "Internet Chess Club"]
[Date "2012.03.26"]
[Round "6"]
[White "wekabird"]
[Black "theartist"]
[Result "0-1"]
[WhiteElo "1169"]
[BlackElo "1219"]
[Opening "English: symmetrical, four knights system"]
[ECO "A35"]
[Time "19:16:52"]
[TimeControl "2700+45"]

1. c4 c5 2. Nc3 Nc6 3. Nf3 Nf6 4. e4 e5 5. h3 d6 6. g3 h6 7. Bg2 Be7 8. O-O O-O
9. d3 a6 10. a3 b6 11. Be3 Bb7 12. Nd5 Nxd5 13. cxd5 Na7 14. a4 b5 15. axb5 Nxb5
16. Nh4 Bxh4 17. gxh4 Qxh4 18. Qf3 Qf6 19. Qxf6 gxf6 20. Bxh6 Rfb8 21. f4 Kh7
22. fxe5 Kxh6 23. Rxf6+ Kg7 24. Raf1 Rf8 25. exd6 Rad8 26. e5 Bc8 27. e6 fxe6
28. Rxf8 Rxf8 29. dxe6 Bxe6 30. Re1 Rf6 31. d7 Bxd7 32. Re7+ Rf7 33. Re5 Bf5 34.
Rxc5 Bxd3 35. Rg5+ Bg6 36. h4 Kh6 37. Be4 Bxe4 38. Re5 Rg7+ 39. Kf2 Rg2+ 40. Ke3
Bg6 41. Re6 Kg7 42. Rxa6 Rxb2 43. Kf4 Nc7 44. Rd6 Ne8 45. Rd7+ Kf6 46. Ra7 Rb4+
47. Kg3 Re4 48. Ra6+ Re6 49. Ra5 Ng7 50. Kg4 Bf5+ 51. Kf3 Be4+ 52. Kg3 Bf5 53.
Ra4 Kg6 54. Kf4 Kh5 55. Ra7 Rg6 56. Rxg7 Rxg7 57. Kxf5 Kxh4 58. Ke4 Kg5 59. Ke5
Re7+ 60. Kd6 Re1 61. Kd5 Kf4 62. Kd4 Rd1+ 63. Kc5 Ke4 64. Kc4 Rc1+ 65. Kb5 Kd4
66. Kb6 Kd5 67. Kb5 Rb1+ 68. Ka6 Kc5 69. Ka7 Kc6 {White resigns} 0-1

[Event "Team 45 45 League T52"]
[Site "Internet Chess Club"]
[Date "2012.03.25"]
[Round "6"]
[White "Mclintock45"]
[Black "carolinaknight"]
[Result "0-1"]
[WhiteElo "963"]
[BlackElo "1296"]
[Opening "French: advance variation"]
[ECO "C02"]
[Time "14:03:40"]
[TimeControl "2700+45"]

1. e4 e6 2. d4 d5 3. e5 c5 4. Nc3 Qb6 5. Nf3 Nc6 6. Bb5 Bd7 7. Bxc6 Bxc6 8. O-O
Ne7 9. Be3 Qxb2 10. Qd3 c4 11. Qd2 Nf5 12. Rfb1 Qa3 13. Qc1 Qxc3 14. Bd2 Qa3 15.
Qxa3 Bxa3 16. Re1 O-O 17. Ng5 Nxd4 18. c3 Nc2 19. Reb1 Nxa1 20. Rxa1 Be7 21. Nf3
h6 22. a4 a5 23. Nd4 Bd7 24. Rb1 Rab8 25. g3 Bxa4 26. h3 Bc5 27. Nf3 Bc2 28. Rc1
Be4 29. Nd4 Bxd4 30. cxd4 a4 31. Ra1 b5 32. Bb4 Rfc8 33. Ra3 Kh7 34. f3 Bd3 35.
f4 Kg6 36. h4 Kf5 37. Ra1 Be4 38. Kh2 c3 39. Kh3 Rc4 40. g4+ Kxf4 41. Rf1+ Ke3
42. Re1+ Kxd4 43. Bd6 Rb7 44. Bf8 c2 45. Bxg7 Rc3+ 46. Kh2 c1=R 47. Rxc1 Rxc1
48. Bxh6 Rh1+ 49. Kg3 a3 50. Kf4 Rxh4 51. Bg5 Rh3 52. Bf6 a2 53. Kg5 a1=R 54.
Bd8 Ra8 55. Bf6 Rg8+ 56. Kf4 Rf3# {White checkmated} 0-1

[Event "Team 45 45 League T52"]
[Site "Internet Chess Club"]
[Date "2012.03.25"]
[Round "6"]
[White "JWB"]
[Black "az2112"]
[Result "0-1"]
[WhiteElo "1700"]
[BlackElo "1651"]
[Opening "QGD semi-Slav"]
[ECO "D43"]
[Time "13:01:21"]
[TimeControl "2700+45"]

1. c4 Nf6 2. Nc3 c6 3. Nf3 d5 4. d4 e6 5. cxd5 exd5 6. Bg5 Be7 7. e3 h6 8. Bh4
Bf5 9. Bd3 Bxd3 10. Qxd3 Nbd7 11. O-O O-O 12. Rab1 Re8 13. b4 a6 14. a4 Ne4 15.
Bxe7 Qxe7 16. b5 axb5 17. axb5 Ra3 18. Rfc1 cxb5 19. Rxb5 Ndf6 20. Rc5 Nxc5 21.
dxc5 Qxc5 22. Qd2 Qa5 23. Qb2 Rc8 24. Ne2 Rxc1+ 25. Qxc1 Ra1 {White resigns} 0-1

[Event "Team 45 45 League T52"]
[Site "Internet Chess Club"]
[Date "2012.03.25"]
[Round "6"]
[White "Duguesclin"]
[Black "Frankly"]
[Result "1-0"]
[WhiteElo "1686"]
[BlackElo "1702"]
[Opening "Budapest defense"]
[ECO "A52"]
[Time "13:01:55"]
[TimeControl "2700+45"]

1. d4 Nf6 2. c4 e5 3. dxe5 Ng4 4. e6 fxe6 5. e4 Nxf2 6. Qh5+ g6 7. Qe5 Qh4 8.
Qxh8 Nxh1+ 9. g3 Qxh2 10. Be3 Qxg3+ 11. Kd2 Nf2 12. Nc3 Ng4 13. Bd4 Qf4+ 14. Ke2
e5 15. Nh3 Qh2+ 16. Bf2 Nxf2 17. Nxf2 Nc6 18. Nb5 Nd4+ 19. Nxd4 exd4 20. Qxd4 d6
21. Ke1 Qe5 22. Qd2 Bd7 23. Rd1 O-O-O 24. b4 Ba4 25. Rc1 Qh2 26. Qd4 Kb8 27. c5
Bh6 28. Rc3 Qh4 29. Qc4 dxc5 30. Rd3 Rxd3 31. Qxd3 cxb4 32. Qd4 b6 33. Ba6 Bf8
34. Qd5 c6 35. Qe5+ Bd6 36. Qxd6+ Ka8 37. Qf8+ {Black resigns} 1-0

[Event "Team 45 45 League T52"]
[Site "Internet Chess Club"]
[Date "2012.03.29"]
[Round "6"]
[White "julesraider"]
[Black "powerchess1"]
[Result "1/2-1/2"]
[WhiteElo "1576"]
[BlackElo "1647"]
[Opening "Nimzo-Indian: classical, 4...Nc6"]
[ECO "E33"]
[Time "20:04:04"]
[TimeControl "2700+45"]

1. d4 e6 2. c4 Nf6 3. Nc3 Bb4 4. Qc2 Nc6 5. a3 Nxd4 6. Qd1 Bxc3+ 7. bxc3 Nc6 8.
Bg5 h6 9. Bh4 b6 10. Nf3 Bb7 11. e3 d6 12. Be2 g5 13. Bg3 Ne4 14. Qd3 f5 15. Nd2
Nxg3 16. hxg3 Ne5 {Game drawn by mutual agreement} 1/2-1/2

[Event "Team 45 45 League T52"]
[Site "Internet Chess Club"]
[Date "2012.03.25"]
[Round "6"]
[White "sdcohle"]
[Black "rayngrant"]
[Result "0-1"]
[WhiteElo "1395"]
[BlackElo "1561"]
[Opening "Grünfeld: 5.e3"]
[ECO "D94"]
[Time "22:00:18"]
[TimeControl "2700+45"]

1. d4 Nf6 2. c4 g6 3. Nc3 d5 4. e3 Bg7 5. Nf3 Bf5 6. Bd2 O-O 7. b3 c5 8. cxd5
Nxd5 9. Nxd5 Qxd5 10. Bc4 Qd6 11. O-O Nc6 12. Bc3 cxd4 13. Nxd4 Nxd4 14. Bxd4
Bxd4 15. Qxd4 Qxd4 16. exd4 Rad8 17. Rfd1 Rd6 18. d5 Rfd8 19. Re1 e6 20. dxe6
Bxe6 21. Rac1 Bxc4 22. Rxc4 Rd1 23. Rc1 Rxe1+ 24. Rxe1 Kf8 25. g3 Rd2 26. a4 f5
27. Re3 Kf7 28. Kg2 h5 29. Rc3 Rd7 30. h4 Ke6 31. Kf3 Ke5 32. Ke3 Kf6 33. f4
Re7+ 34. Kf3 Rd7 35. Ke3 Ke6 36. b4 Rd6 37. b5 Rb6 38. Kd4 a6 39. Kc5 Rd6 40.
Re3+ Kd7 41. bxa6 Rxa6 42. Kb4 Rd6 43. Rc3 Rd4+ 44. Kb5 Kd6 45. a5 Rd2 46. Rb3
Kc7 47. Rc3+ Kd6 48. Rb3 Kc7 49. Rc3+ Kb8 50. Re3 Rd6 51. Kc5 Ra6 52. Kb5 Rc6
53. Rd3 Ka7 54. Re3 Rd6 55. Rc3 Rd5+ 56. Kb4 Ka6 57. Ra3 b5 58. axb6+ Kxb6 59.
Kc4 Rd1 60. Re3 Rc1+ 61. Kb3 Rc6 62. Rd3 Re6 63. Rc3 Re4 64. Rd3 Kc6 65. Rc3+
Kd5 66. Rd3+ Rd4 67. Re3 Re4 68. Rd3+ Kc5 69. Rc3+ Kb5 70. Ka3 Ra4+ 71. Kb3 Rb4+
72. Ka3 Ra4+ 73. Kb3 Re4 74. Rd3 Kc5 75. Kc3 Ra4 76. Kb3 Rb4+ 77. Ka3 Rd4 78.
Rc3+ Kd5 79. Re3 Kc4 80. Ka4 Rd3 81. Re6 Rxg3 82. Ka5 Kd4 83. Rd6+ Ke4 84. Kb5
Kxf4 85. Rd4+ Ke5 86. Kc5 Rc3+ 87. Rc4 Rxc4+ 88. Kxc4 Ke4 89. Kc3 Ke3 90. Kc2
Ke2 91. Kc1 f4 92. Kc2 f3 93. Kc3 f2 94. Kd4 f1=Q 95. Ke4 Qf5+ 96. Kd4 Kd2 97.
Kc4 Qe5 98. Kb4 Qd5 99. Ka4 Kc3 100. Ka3 Qb3# {White checkmated} 0-1

[Event "Team 45 45 League T52"]
[Site "Internet Chess Club"]
[Date "2012.03.23"]
[Round "6"]
[White "randallsr"]
[Black "Zugzwanged"]
[Result "1/2-1/2"]
[WhiteElo "1701"]
[BlackElo "1647"]
[Opening "English opening"]
[ECO "A05"]
[Time "14:08:06"]
[TimeControl "2700+45"]

1. Nf3 Nf6 2. c4 e6 3. b3 b6 4. g3 Bb7 5. Bg2 g6 6. Bb2 Bg7 7. O-O O-O 8. Na3 c5
9. Nb5 d6 10. e3 a6 11. Nc3 Nbd7 12. d4 cxd4 13. Nxd4 Bxg2 14. Kxg2 Rc8 15. Rc1
Qe7 16. Na4 Rfd8 17. Qf3 Ne5 18. Qe2 Qb7+ 19. f3 Ned7 20. h3 d5 21. cxd5 Nxd5
22. e4 Ne7 23. Nc2 b5 24. Bxg7 bxa4 25. Bb2 axb3 26. axb3 Qxb3 27. Nd4 Qb6 28.
Rb1 e5 29. Ba3 Qf6 30. Nb3 Nc6 31. Bc1 Ra8 32. h4 Rdb8 33. Bg5 Qe6 34. Qc2 a5
35. Rfd1 a4 36. Nc5 Nxc5 37. Rxb8+ Rxb8 38. Qxc5 Nd4 39. Rxd4 exd4 40. Qxd4 Re8
41. Bh6 Qe5 42. Qxa4 f6 43. Qd7 Qe7 44. Qd5+ Qe6 45. Qb7 Qe7 46. Qd5+ Qe6 47.
Qb7 Re7 48. Qa8+ Re8 49. Qb7 {Game drawn by repetition} 1/2-1/2

[Event "Team 45 45 League T52"]
[Site "Internet Chess Club"]
[Date "2012.03.23"]
[Round "6"]
[White "rahulr"]
[Black "b-spot"]
[Result "0-1"]
[WhiteElo "1588"]
[BlackElo "1656"]
[Opening "Sicilian: Najdorf, Opocensky variation"]
[ECO "B92"]
[Time "21:04:35"]
[TimeControl "2700+45"]

1. e4 c5 2. Nf3 d6 3. d4 cxd4 4. Nxd4 Nf6 5. Nc3 a6 6. Be2 e5 7. Nf3 h6 8. O-O
Be6 9. h3 Be7 10. Be3 O-O 11. Qd2 Nbd7 12. Nh4 Nxe4 13. Nxe4 d5 14. Nc3 d4 15.
Nf3 dxe3 16. Qxe3 Qc7 17. Rad1 Bf6 18. Nd5 Qxc2 19. Nxf6+ Nxf6 20. Qxe5 Rfe8 21.
Rd2 Qc6 22. Nd4 Qd7 23. Nf3 Qa4 24. b3 Bxb3 25. axb3 Qxb3 26. Qd4 b5 27. Ne5 Re6
28. Rfd1 Rae8 29. Ng4 Rxe2 30. Nxf6+ gxf6 31. Qg4+ Kh8 32. Rd8 Qe6 33. Qxe6 Rxe6
34. Rxe8+ Rxe8 35. Rd7 Kg7 36. Kf1 a5 37. Rd5 Re5 {White resigns} 0-1

[Event "Team 45 45 League T52"]
[Site "Internet Chess Club"]
[Date "2012.03.24"]
[Round "6"]
[White "Signalman"]
[Black "Timotheous"]
[Result "0-1"]
[WhiteElo "1528"]
[BlackElo "1735"]
[Opening "Sicilian: Hungarian variation"]
[ECO "B06"]
[Time "10:06:31"]
[TimeControl "2700+45"]

1. e4 g6 2. Nf3 c5 3. Na3 Bg7 4. c3 Nc6 5. Bb5 Qc7 6. O-O Nf6 7. Re1 O-O 8. Bxc6
dxc6 9. Nc2 Rd8 10. d3 Bg4 11. b3 Ne8 12. Bb2 Nd6 13. a4 Qb6 14. b4 cxb4 15. a5
Qb5 16. c4 Qh5 17. Bxg7 Kxg7 18. c5 Nb5 19. e5 a6 20. Re4 Nc3 21. Qe1 Nxe4 22.
Qxe4 Qf5 23. Qxb4 Bxf3 24. gxf3 Qxd3 25. Ne1 Qd4 26. Qxb7 Qxa1 {White resigns}
0-1

[Event "Team 45 45 League T52"]
[Site "Internet Chess Club"]
[Date "2012.03.24"]
[Round "6"]
[White "JohLeb"]
[Black "werty"]
[Result "1/2-1/2"]
[WhiteElo "1416"]
[BlackElo "1520"]
[Opening "French: advance, Paulsen attack"]
[ECO "C02"]
[Time "15:01:06"]
[TimeControl "2700+45"]

1. d4 e6 2. e4 d5 3. e5 c5 4. c3 Nc6 5. Nf3 Qb6 6. Be3 Qxb2 7. Nbd2 Qxc3 8. Rc1
Qa5 9. dxc5 Nge7 10. Be2 Nf5 11. Qc2 Nxe3 12. fxe3 Bd7 13. Nd4 Nxe5 14. O-O Nc6
15. N2b3 Nxd4 16. Nxa5 Nxc2 17. Rxc2 Bc6 18. Rb1 Be7 19. Nxc6 bxc6 20. Rb7 Bg5
21. Kf2 O-O 22. Rcb2 Rfe8 23. Rc7 Re7 24. Rxc6 Bf6 25. Rb3 Be5 26. h3 g6 27. Ra6
Rb8 28. Rxb8+ Bxb8 29. c6 Bc7 30. Kf3 Bb6 31. Ra3 Rc7 32. Rc3 d4 33. exd4 Bxd4
34. Rc4 e5 35. Ke4 Kf8 36. Bf3 Ke7 37. Kd5 f5 38. Rb4 e4 39. Rb7 Bb6 40. Be2 Kd8
41. Kd6 Kc8 42. Ba6 Rxb7 43. Bxb7+ Kd8 44. Ba6 e3 45. Bc4 f4 46. a3 g5 47. Be2
h6 48. a4 {Game drawn by mutual agreement} 1/2-1/2

[Event "Team 45 45 League T52"]
[Site "Internet Chess Club"]
[Date "2012.03.24"]
[Round "6"]
[White "mongmong"]
[Black "Bible-Believer"]
[Result "1-0"]
[WhiteElo "1669"]
[BlackElo "1492"]
[Opening "QGD Slav: 4.e3 Bf5"]
[ECO "D12"]
[Time "20:09:08"]
[TimeControl "2700+45"]

1. d4 d5 2. Nf3 Nf6 3. e3 Bf5 4. c4 c6 5. Nc3 e6 6. Nh4 Bg6 7. Nxg6 hxg6 8. Bd2
Nbd7 9. g3 Be7 10. Rc1 Qc7 11. cxd5 exd5 12. Bg2 O-O-O 13. Nxd5 Nxd5 14. Bxd5
Nf6 15. Bxf7 Rdf8 16. Bxg6 Ng4 17. Qxg4+ {Black resigns} 1-0

[Event "Team 45 45 League T52"]
[Site "Internet Chess Club"]
[Date "2012.03.27"]
[Round "6"]
[White "OGO"]
[Black "oldsj"]
[Result "0-1"]
[WhiteElo "1485"]
[BlackElo "1563"]
[Opening "Ruy Lopez: open (Tarrasch) defense"]
[ECO "C80"]
[Time "13:15:14"]
[TimeControl "2700+45"]

1. e4 e5 2. Nf3 Nc6 3. Bb5 a6 4. Ba4 Nf6 5. O-O Nxe4 6. Bxc6 dxc6 7. Re1 Nf6 8.
d3 Be7 9. Nxe5 O-O 10. Nc3 Bd6 11. h3 Re8 12. Nf3 h6 13. Be3 Bf5 14. Ne2 Nd5 15.
Ng3 Bg6 16. Nf1 c5 17. a3 Qf6 18. c3 Bh5 19. N1d2 Nf4 20. Qc2 Nxh3+ 21. gxh3
Bxf3 22. Nxf3 Qxf3 23. b4 cxb4 24. cxb4 Qxh3 25. Rac1 Bh2+ 26. Kh1 Bf4+ 27. Kg1
Rxe3 28. Rxe3 Bxe3 29. fxe3 Qxe3+ 30. Kf1 Qf3+ 31. Kg1 Re8 32. Rf1 Qg4+ 33. Kh1
Re2 {White resigns} 0-1